 Dungeon Crawl Stone Soup version 0.29.1-2-gbd0b4ee654 (webtiles) character file.

Game seed: 6096740021523504070

543 tizbic2 the Trooper (level 7, -5/72 HPs)
             Began as an Ogre Gladiator on Oct 27, 2022.
             Was an Initiate of Okawaru.
             Succumbed to Eustachio's poison
             ... on level 4 of the Dungeon.
             The game lasted 00:19:48 (4345 turns).

tizbic2 the Trooper (Ogre Gladiator)                Turns: 4345, Time: 00:19:49

Health: -5/72      AC:  9    Str: 21    XL:     7   Next: 27%
Magic:  7/7        EV: 11    Int:  9    God:    Okawaru [......]
Gold:   143        SH:  0    Dex: 16    Spells: 6/6 levels left

rFire   . . .      SeeInvis .   c - +0 giant spiked club
rCold   . . .      Faith    .   (shield currently unavailable)
rNeg    . . .      Spirit   .   r - +1 animal skin
rPois   .          Reflect  .   b - +0 hat
rElec   .          Harm     .   u - +0 cloak
rCorr   .          Rampage  .   (gloves unavailable)
Will    .....                   (boots unavailable)
Stlth   +.........              (no amulet)
HPRegen 0.22/turn               h - +6 ring of dexterity
MPRegen 0.10/turn               q - +4 ring of protection

@: lethally poisoned (-5 -> -35), attractive, hasted, very quick
A: large, unfitting armour, tough skin 1
a: Renounce Religion


You were on level 4 of the Dungeon.
You worshipped Okawaru.
Okawaru was noncommittal.
You visited 1 branch of the dungeon, and saw 4 of its levels.

You collected 143 gold pieces.

Inventory:

Hand Weapons
 a - a +0 quarterstaff of holy wrath
 c - a +0 giant spiked club (weapon)
 g - a +1 hand axe
 w - a +0 halberd
Missiles
 d - 6 large rocks
 e - 34 stones
 k - 2 poisoned darts
 p - 2 boomerangs (quivered)
Armour
 b - a +0 hat (worn)
 r - a +1 animal skin (worn)
 u - a +0 cloak (worn)
Jewellery
 h - a +6 ring of dexterity (left hand)
 q - a +4 ring of protection (right hand)
Scrolls
 f - 2 scrolls of noise
 i - a scroll of enchant weapon
 j - a scroll of poison {unknown}
 m - 2 scrolls of fog {unknown}
 n - a scroll of vulnerability {unknown}
 s - 2 scrolls of immolation
 t - a scroll of brand weapon {unknown}
Potions
 v - a potion of invisibility


   Skills:
 * Level 5.0 Fighting
 * Level 4.0 Axes
 + Level 3.4 Throwing
 + Level 3.7 Dodging
 + Level 3.8 Unarmed Combat
 + Level 0.9 Invocations


You had 6 spell levels left.
You didn't know any spells.
Your spell library was empty.

Dungeon Overview and Level Annotations

Branches:
Dungeon (4/15)
 Temple: D:4-7

Altars:
Gozag
Hepliaklqana
Nemelex Xobeh
Okawaru
Qazlal
Vehumet
Yredelemnul
Zin

Annotations:
D:4 Eustachio


Innate Abilities, Weirdness & Mutations

You are too large for most types of armour.
You have tough skin. (AC +1)


Message History

You are poisoned.
A dart slug comes into view.
The shadow imp grins evilly.
The crimson imp summons a swarm of flies.
c - a +0 giant spiked club (weapon)
You feel sick. Eustachio misses you.
The crimson imp blinks!
You closely miss Eustachio.
You feel sick.
Eustachio hits you with a +2 rapier of venom!
You are more poisoned.
Eustachio hits you with a +2 rapier of venom!
You are more poisoned.
There are no items here.
It was a potion of haste.
You feel yourself speed up.
You feel very sick. Eustachio misses you.
You miss Eustachio.
You feel very sick.
Eustachio gestures wildly while chanting.
You barely miss Eustachio.
You feel very sick.
Eustachio hits you with a +2 rapier of venom!
* * * LOW HITPOINT WARNING * * *
You are more poisoned.
The river rat bites you but does no damage.
You miss Eustachio.
* * * LOW HITPOINT WARNING * * *
You feel very sick. Eustachio misses you. The river rat bites you!
* * * LOW HITPOINT WARNING * * *
The shadow imp grins evilly.
It was a potion of attraction.
You feel attractive to monsters.
* * * LOW HITPOINT WARNING * * *
You feel sick.
Eustachio hits you with a +2 rapier of venom.
* * * LOW HITPOINT WARNING * * *
You are more poisoned.
The dart slug is attracted toward you.
You barely miss Eustachio.
You die...

......
#>....########
#....@..§.#
#.§.# ###w#
#.5# #5###
#5@.# ##@#
######r####
.......)...###
#######.##.<.#
#.####..# #.#
### #.# #.#
#..


You could see Eustachio (strong), a quasit (summoned), a crimson imp (summoned),
a river rat (summoned), a shadow imp (summoned) and a dart slug (wandering).

Vanquished Creatures
  Sigmund (D:2)
  An ogre (D:3)
  Ijyb (D:3)
  Natasha (thrice) (D:2)
  Robin (D:2)
  5 adders
  3 gnolls (D:3)
  3 worms (D:2)
  2 dart slugs (D:1)
  An orc (D:3)
  7 endoplasms
  7 giant cockroaches
  11 goblins
  9 hobgoblins
  9 jackals
  6 kobolds
  5 quokkas
  14 ball pythons
  10 bats
  6 frilled lizards
  7 rats
112 creatures vanquished.

Notes
Turn   | Place    | Note
-------+----------+-------------------------------------------
     0 | D:1      | tizbic2 the Ogre Gladiator began the quest for the Orb.
     0 | D:1      | Reached XP level 1. HP: 22/22 MP: 1/1
   372 | D:1      | You fall into a shaft and drop 1 floor!
   450 | D:1      | Reached XP level 2. HP: 28/29 MP: 2/2
   496 | D:1      | Reached skill level 1 in Axes
   502 | D:1      | Reached skill level 3 in Fighting
   923 | D:1      | Reached XP level 3. HP: 37/37 MP: 3/3
  1312 | D:1      | Found a faded altar of an unknown god.
  1573 | D:2      | Reached XP level 4. HP: 45/45 MP: 4/4
  1793 | D:2      | Noticed Robin
  1815 | D:2      | Killed Robin
  2206 | D:2      | Noticed Natasha
  2214 | D:2      | Reached XP level 5. HP: 49/54 MP: 5/5
  2223 | D:2      | Killed Natasha
  2224 | D:2      | Noticed Sigmund
  2510 | D:2      | Killed Sigmund
  2511 | D:2      | Reached skill level 4 in Fighting
  2511 | D:2      | Reached XP level 6. HP: 16/63 MP: 6/6
  2625 | D:2      | Noticed Natasha
  2645 | D:2      | Killed Natasha
  2970 | D:2      | Noticed Natasha
  2977 | D:2      | Killed Natasha
  3320 | D:3      | Found an iron altar of Okawaru.
  3329 | D:3      | Noticed Ijyb
  3394 | D:3      | Killed Ijyb
  3434 | D:3      | Became a worshipper of Warmaster Okawaru
  3498 | D:3      | Found a stormy altar of Qazlal.
  3504 | D:3      | Found a radiant altar of Vehumet.
  3505 | D:3      | Found a hazy altar of Hepliaklqana.
  3505 | D:3      | Found an opulent altar of Gozag.
  3506 | D:3      | Found a glowing silver altar of Zin.
  3508 | D:3      | Found a basalt altar of Yredelemnul.
  3510 | D:3      | Found a sparkling altar of Nemelex Xobeh.
  3826 | D:3      | Reached XP level 7. HP: 48/71 MP: 7/7
  4160 | D:4      | Noticed Eustachio
  4171 | D:3      | Reached skill level 5 in Fighting
  4344 | D:4      | HP: 2/72 [Eustachio/+2 rapier of venom (6)]
  4345 | D:4      | Succumbed to Eustachio's poison

Illustrated notes

Levels and vault maps discovered:
D:1:      dpeg_arrival_solitude, layout_basic, ebering_ecumenical_altar_mist,
          minmay_surrounded
D:2:      layout_basic, minmay_door_square, item_on_display_a, uniq_sigmund,
          uniq_natasha, uniq_robin
D:3:      layout_basic, minitemple, mainiacjoe_overflow_concentric_impassable,
          kennysheep_generic_room_2, uniq_ijyb
D:4:      layout_rooms, mainiacjoe_overflow_paths,
          ebering_ghost_reflecting_pool, serial_corexii_hall,
          corexii_hall_statues_t, chequers_hall_statues_y, uniq_grinder,
          uniq_eustachio, uniq_menkaure

Skill      XL: |  1  2  3  4  5  6  7 |
---------------+----------------------+-----
Axes           | 1 2 3 4 |  4.0
Fighting       | 3 4 5 |  5.0
Unarmed Combat | 3 |  3.8
Dodging        | 3 |  3.7
Throwing       | 3 |  3.4
Invocations    | |  0.9

Action                   |  1- 3 |  4- 6 |  7- 9 || total
-------------------------+-------+-------+-------++-------
Melee: Hand axe          |   107 |   188 |    18 ||   313
       Punch             |     2 |     1 |       ||     3
       Giant spiked club |       |       |    15 ||    15
       Halberd           |       |       |     6 ||     6
Throw: Boomerang         |    11 |    34 |       ||    45
       Large rock        |       |    13 |       ||    13
       Throwing net      |       |     4 |     1 ||     5
       Dart              |       |     5 |       ||     5
  Use: Scroll            |     1 |     3 |       ||     4
       Potion            |       |     3 |     2 ||     5
 Stab: Sleeping          |     1 |     2 |     1 ||     4
       Held in net/web   |       |     2 |     1 ||     3
Armor: Robe              |    38 |    35 |       ||    73
       Animal skin       |       |    60 |    20 ||    80
Dodge: Dodged            |    77 |   140 |    27 ||   244
